 Dungeon Crawl Stone Soup version 0.24-b1 (webtiles) character file.

Game seed: 3302874588911082075, levelgen mode: deterministic

200 Kohma the Insei (level 5, 0/33 HPs)
             Began as an Octopode Transmuter on Oct 12, 2019.
             Slain by a hobgoblin (5 damage)
             ... on level 3 of the Dungeon.
             The game lasted 00:06:40 (2663 turns).

Kohma the Insei (Octopode Transmuter)               Turns: 2663, Time: 00:06:40

Health: 0/33       AC:  1    Str:  9    XL:     5   Next: 78%
Magic:  5/8        EV: 13    Int: 15    God:
Gold:   83         SH:  0    Dex: 14    Spells: 2/8 levels left

rFire    . . .     SeeInvis +     - Unarmed
rCold    . . .     Gourm    .   (no shield)
rNeg     . . .     Faith    .   (helmet restricted)
rPois    .         Spirit   .   (no amulet)
rElec    .         Reflect  .   m - ring of see invisible
rCorr    .         Harm     .   (no ring)
MR       .....                  (no ring)
Stlth    ++........             (no ring)
HPRegen  0.11/turn              (no ring)
MPRegen  0.11/turn              (no ring)
                                (no ring)
                                (no ring)

@: very slightly contaminated
A: almost no armour, stealthy swim, amphibious, 8 rings, constrict 8, camouflage
1, gelatinous body 1
a: no special abilities


You were on level 3 of the Dungeon.
You were very hungry.

You visited 1 branch of the dungeon, and saw 3 of its levels.

You collected 83 gold pieces.

Inventory:

Missiles
 a - 28 arrows
 e - 76 stones (quivered)
 p - 12 poisoned darts
Jewellery
 m - a ring of see invisible (left tentacle)
 o - an uncursed ring of fire
Scrolls
 d - 2 scrolls of remove curse {unknown}
 f - a scroll of magic mapping {unknown}
 h - 2 scrolls of teleportation
 i - 2 scrolls of fog {unknown}
 j - a scroll of enchant armour {unknown}
 l - 2 scrolls of amnesia {unknown}
Potions
 g - a potion of ambrosia {unknown}
 k - a potion of magic {unknown}
 n - a potion of flight
Comestibles
 c - 2 rations


   Skills:
 - Level 1.0 Fighting
 - Level 2.0 Dodging
 - Level 5.2 Unarmed Combat
 - Level 2.0 Spellcasting
 - Level 2.0 Transmutations
 * Level 3.8 Poison Magic


You had 2 spell levels left.
You knew the following spells:

 Your Spells              Type           Power        Failure   Level  Hunger
a - Beastly Appendage     Tmut           #.....       10%         1    #......
b - Sticks to Snakes      Tmut           #.......     14%         2    ###....
c - Spider Form           Tmut/Pois      ##........   21%         3    ###....

Your spell library contained the following spells:

 Spells                   Type           Power        Failure   Level  Hunger
 Confusing Touch          Hex            #.....       22%         1    #......
 Confuse                  Hex            #.......     54%         3    ###....
 Gell's Gravitas          Tloc           #.........   54%         3    ###....
 Ice Form                 Ice/Tmut       #.......     82%         4    #####..
 Petrify                  Tmut/Erth      #.......     82%         4    #####..
 Blade Hands              Tmut           #.........   95%         5    ######.
 Metabolic Englaciation   Hex/Ice        #.........   99%         5    ######.
 Yara's Violent Unravell  Hex/Tmut       #.........   99%         5    ######.


Dungeon Overview and Level Annotations

Branches:
Dungeon (3/15)

Altars:
Yredelemnul


Innate Abilities, Weirdness & Mutations

You cannot wear most types of armour.
You are very stealthy in the water. (Stealth+)
You are amphibious.
You can wear up to eight rings at the same time.
You can use your tentacles to constrict eight enemies at once.
Your skin changes colour to match your surroundings (Stealth+).
Your rubbery body absorbs attacks. (AC +1, EV +1)


Message History

The gnoll hits you from afar with a +0 halberd.
* * * LOW HITPOINT WARNING * * *
A hobgoblin comes into view.
Okay, then.
Things that are here:
a +0 leather armour; a throwing net; an orc corpse
Items here: ))) ††† An orc comes into view.
It is wielding a +0 hand axe.
The orc moves out of view.
The orc shouts!
The frilled lizard hisses angrily.
The hobgoblin shouts!
The hobgoblin barely misses you.
Casting: Spider Form (safe; 21% risk of failure)
Confirm with . or Enter, or press ? or * to list all spells.
You miscast Spider Form.
You are very lightly contaminated with residual magic.
Waves of light ripple over your body. The frilled lizard bites you.
* * * LOW HITPOINT WARNING * * *
The hobgoblin hits you.
You die...

######### #.....#
#.......# ##.....#
#.......# ##..#.###
#.......###..##.#
#.......##.g###.#
#..........## #.##
#.......#..# #.g#
#.g.l...##.## ##.#
#..@....##..# #.##
#.......###.# #).#
##o......# #.# ##[#
#..####### #.##
##)#. #. #.## #..#
#.... #...#.###
##.###g)## #.....#
#.##...##
......##.#
#........ ##.###
#.##########g....#.


You could see an orc, a hobgoblin and a frilled lizard.

Vanquished Creatures
  3 orc priests (D:3)
  2 gnolls (D:3)
  2 adders
  An ooze (D:1)
  A worm (D:3)
  4 dart slugs
  A leopard gecko (D:3)
  5 orcs (D:3)
  2 ball pythons
  A giant cockroach (D:2)
  10 goblins
  9 hobgoblins
  5 bats
  6 frilled lizards
  A kobold (D:1)
  7 rats
60 creatures vanquished.

Notes
Turn   | Place    | Note
-------+----------+-------------------------------------------
     0 | D:1      | Kohma the Octopode Transmuter began the quest for the Orb.
     0 | D:1      | Reached XP level 1. HP: 13/13 MP: 3/3
    57 | D:1      | Reached XP level 2. HP: 12/18 MP: 3/5
    61 | D:1      | Learned a level 2 spell: Sticks to Snakes
   603 | D:1      | Reached skill level 4 in Unarmed Combat
   647 | D:1      | Reached XP level 3. HP: 20/23 MP: 4/6
   652 | D:1      | Learned a level 3 spell: Spider Form
  1576 | D:2      | Found a basalt altar of Yredelemnul.
  1836 | D:2      | Reached XP level 4. HP: 17/28 MP: 5/7
  2134 | D:3      | Reached skill level 5 in Unarmed Combat
  2140 | D:3      | Reached skill level 1 in Poison Magic
  2140 | D:3      | Reached XP level 5. HP: 18/33 MP: 4/8
  2663 | D:3      | Slain by a hobgoblin

Skill      XL: |  1  2  3  4  5 |
---------------+----------------+-----
Unarmed Combat | 4 5 |  5.2
Poison Magic   | 1 3 |  3.8
Fighting       | |  1.0
Dodging        | |  2.0
Spellcasting   | |  2.0
Transmutations | |  2.0

Action                   |  1- 3 |  4- 6 || total
-------------------------+-------+-------++-------
Melee: Unarmed           |    75 |    61 ||   136
       Tentacles         |     9 |     2 ||    11
       Kick              |    16 |     3 ||    19
       Constrict         |    23 |     6 ||    29
       Punch             |     2 |       ||     2
Throw: Stone             |     9 |     2 ||    11
 Cast: Beastly Appendage |    19 |     4 ||    23
       Spider Form       |     1 |     7 ||     8
  Use: Potion            |       |     2 ||     2
       Scroll            |       |     1 ||     1
 Stab: Sleeping          |     3 |     1 ||     4
  Eat: Chunk             |     3 |     3 ||     6
Armor: Skin              |     5 |     5 ||    10
Dodge: Dodged            |    54 |    52 ||   106
